 Dungeon Crawl Stone Soup version 0.30-a0-330-g8f2769a82d (webtiles) character file.

Game seed: 627302011309062503

57 Harunobu the Trooper (level 4, -1/29 HPs)
             Began as a Gargoyle Monk on Oct 29, 2022.
             Killed from afar by Natasha (8 damage)
             ... with a magic dart
             ... on level 2 of the Dungeon.
             The game lasted 00:02:08 (1357 turns).

Harunobu the Trooper (Gargoyle Monk)                Turns: 1357, Time: 00:02:08

Health: -1/29      AC:  0    Str: 16    XL:     4   Next: 0%
Magic:  4/4        EV: 15    Int: 11    God:
Gold:   126        SH:  0    Dex: 12    Spells: 3/3 levels left

rFire   . . .      SeeInvis .    (weapon currently unavailable)
rCold   . . .      Faith    .    (shield currently unavailable)
rNeg    + . .      Spirit   .    (body armour currently unavailable)
rPois   ∞          Reflect  .    (helmet currently unavailable)
rElec   .          Harm     .    (cloak currently unavailable)
rCorr   .          Rampage  .    (gloves currently unavailable)
Will    .....                    (boots currently unavailable)
Stlth   ++........               (no amulet)
HPRegen 0.24/turn                (ring currently unavailable)
MPRegen 0.09/turn                (ring currently unavailable)

@: pig-form (expiring), very quick
A: fast, no casting, sickness immunity, AC +3, small, negative energy resistance
1, (electricity resistance), torment resistance 1, petrification resistance
a: no special abilities


You were on level 2 of the Dungeon.
You were a filthy swine.
You visited 1 branch of the dungeon, and saw 2 of its levels.

You collected 126 gold pieces.

Inventory:

Hand Weapons
 a - a +0 mace
 e - a +1 long sword of electrocution (melded)
Armour
 b - a +0 robe
 k - a +0 chain mail (melded)
Jewellery
 g - a +6 ring of intelligence (melded)
Scrolls
 l - a scroll of vulnerability {unknown}
Potions
 c - a potion of ambrosia
 d - 3 potions of curing {unknown}
 f - a potion of haste {unknown}
 h - a potion of might {unknown}
 i - a potion of mutation {unknown}
 j - a potion of attraction {unknown}
 m - a potion of heal wounds {unknown}


   Skills:
 + Level 4.0 Fighting
 - Level 3.0 Maces & Flails
 + Level 3.0 Dodging
 + Level 3.3 Stealth


You had 3 spell levels left.
You didn't know any spells.
Your spell library was empty.

Dungeon Overview and Level Annotations

Branches:
Dungeon (2/15)

Altars:
Ru

Annotations:
D:2 Natasha


Innate Abilities, Weirdness & Mutations

You are a filthy swine.
You move quickly.
Your equipment is almost entirely melded.
You are incapable of wielding weapons or throwing items.
You cannot cast spells.
You are immune to sickness and miasma.
((Your stone body is resilient. (AC +3)))
You are immune to poison.
You resist negative energy. (rN+)
((You are resistant to electric shocks. (rElec)))
You are resistant to unholy torment.
You are immune to petrification.


Message History

The ball python constricts you. Natasha closely misses you.
You hit Natasha.
Natasha is moderately wounded.
The ball python bites you. The ball python constricts you.
Natasha completely misses you. The ball python closely misses you.
The ball python constricts you.
You barely miss Natasha.
Natasha is moderately wounded.
Natasha barely misses you. The ball python completely misses you.
The ball python constricts you.
You hit Natasha but do no damage.
Natasha is moderately wounded.
Natasha barely misses you. The ball python barely misses you.
The ball python constricts you.
You hit Natasha.
Natasha is heavily wounded.
Natasha casts a spell at you. The magic dart hits you.
* * * LOW HITPOINT WARNING * * *
The ball python completely misses you. The ball python constricts you.
* * * LOW HITPOINT WARNING * * *
You hit Natasha.
Natasha is heavily wounded.
The ball python bites you.
* * * LOW HITPOINT WARNING * * *
The ball python constricts you.
* * * LOW HITPOINT WARNING * * *
Natasha closely misses you.
The ball python's grasp on you weakens, but your attempt to escape fails.
The ball python misses you. The ball python constricts you.
* * * LOW HITPOINT WARNING * * *
Natasha misses you.
You escape the ball python's grasp.
Natasha mumbles some strange words.
There is an open door here.
Your transformation is almost over.
Natasha mewls in sadness.
Natasha casts a spell at you. The magic dart hits you!
You die...

.....###.##.#
###.###
##.#.###.##.### #.#
.........##.... ..#
#.#........## ####
#........#
#........#
#........#
##.......# #h......+
#.......# ..
#.......#
##.#.##.......#
.....##S......#
..............#
##.#.##J......#
#######.#.##.h....##
........#.##......#


You could see Natasha, an endoplasm and a ball python.

Vanquished Creatures
  An adder (D:2)
  2 dart slugs (D:1)
  2 bats (D:1)
  2 endoplasms (D:2)
  2 giant cockroaches (D:1)
  3 hobgoblins (D:1)
  7 jackals (D:1)
  A quokka (D:1)
  4 ball pythons (D:1)
  7 goblins (D:1)
  3 kobolds (D:1)
  5 rats (D:1)
39 creatures vanquished.

Notes
Turn   | Place    | Note
-------+----------+-------------------------------------------
     0 | D:1      | Harunobu the Gargoyle Monk began the quest for the Orb.
     0 | D:1      | Reached XP level 1. HP: 14/14 MP: 1/1
   209 | D:1      | Reached XP level 2. HP: 19/19 MP: 2/2
   391 | D:1      | Reached XP level 3. HP: 6/24 MP: 3/3
  1276 | D:2      | Identified the +1 leather armour of Summer {*Slow rF++
                  | Int+3 SInv}
  1327 | D:2      | Found a sacrificial altar of Ru.
  1329 | D:2      | Noticed Natasha
  1334 | D:2      | Reached skill level 4 in Fighting
  1335 | D:2      | Reached XP level 4. HP: 22/29 MP: 4/4
  1357 | D:2      | Killed from afar by Natasha

Illustrated notes

Levels and vault maps discovered:
D:1:      kennysheep_arrival_forest, layout_basic
D:2:      minmay_recursive_quarters, layout_basic, basic_altar, uniq_natasha,
          uniq_crazy_yiuf_cottage, uniq_sigmund

Skill      XL: |  1  2  3 |
---------------+----------+-----
Stealth        | 3 |  3.3
Fighting       | 4 |  4.0
Dodging        | 3 |  3.0
Maces & Flails | |  3.0

Action                   |  1- 3 |  4- 6 || total
-------------------------+-------+-------++-------
Melee: Mace              |     5 |       ||     5
       Long sword        |    84 |       ||    84
       Unarmed           |       |     8 ||     8
 Stab: Sleeping          |     3 |       ||     3
Armor: Robe              |    22 |       ||    22
       Chain mail        |     4 |       ||     4
Dodge: Dodged            |    69 |    18 ||    87

Table legend: (Time is in decaauts)
 A = Elapsed time spent in this place.
 B = Non-inter-level travel time spent in this place.
 C = Inter-level travel time spent in this place.
 D = Time resting spent in this place.
 E = Time spent auto-exploring this place.
 F = Levels seen in this place.
 G = Mean time per level.
                   A        B        C        D        E       F      G
               +--------+--------+--------+--------+--------+-----+--------+
         Total |   1385 |   1312 |     73 |    219 |    744 |   2 |  692.5 |
       Dungeon |   1385 |   1312 |     73 |    219 |    744 |   2 |  692.5 |
               +--------+--------+--------+--------+--------+-----+--------+

Top non-repeatable levels by time:
     D:1: 1224 daAuts
     D:2: 161 daAuts
